 Dungeon Crawl Stone Soup version 0.28.0-53-g5a82cb258f (webtiles) character file.

Game seed: 10888006697971130096

24 Zeld the Conjurer (level 2, 0/15 HPs)
             Began as a Deep Elf Conjurer on May 24, 2022.
             Succumbed to an adder's poison
             ... on level 2 of the Dungeon.
             The game lasted 00:01:36 (1522 turns).

Zeld the Conjurer (Deep Elf Conjurer)               Turns: 1522, Time: 00:01:37

Health: 0/15       AC:  2    Str:  4    XL:     2   Next: 79%
Magic:  1/8        EV: 12    Int: 22    God:
Gold:   40         SH:  0    Dex: 13    Spells: 4/7 levels left

rFire   . . .      SeeInvis .   a - +2 dagger (venom)
rCold   . . .      Faith    .   (no shield)
rNeg    . . .      Spirit   .   b - +0 robe
rPois   .          Reflect  .   (no helmet)
rElec   .          Harm     .   (no cloak)
rCorr   .          Rampage  .   (no gloves)
Will    .....                   (no boots)
Stlth   ++........              (no amulet)
HPRegen 0.05/turn               (no ring)
MPRegen 0.11/turn               (no ring)

@: lethally poisoned (0 -> -5)
A: no striking features
a: no special abilities


You were on level 2 of the Dungeon.
You visited 1 branch of the dungeon, and saw 2 of its levels.

You collected 40 gold pieces.

Inventory:

Hand Weapons
 a - a +2 dagger of venom (weapon)
Missiles
 e - 32 arrows
Armour
 b - a +0 robe (worn)
Potions
 c - a potion of attraction {unknown}
 d - a potion of curing {unknown}


   Skills:
 - Level 2.4 Dodging
 - Level 2.4 Stealth
 + Level 3.2 Spellcasting
 + Level 4.5 Conjurations
 * Level 1.7 Hexes
 * Level 1.5 Translocations


You had 4 spell levels left.
You knew the following spells:

 Your Spells              Type           Power      Damage    Failure   Level
a - Magic Dart            Conj           92%        1d7       1%          1
b - Searing Ray           Conj           46%        2d6       2%          2

Your spell library contained the following spells:

 Spells                   Type           Power      Damage    Failure   Level
 Dazzling Flash           Conj/Hex       34%        N/A       10%         3
 Fulminant Prism          Conj/Hex       8%         3d7       32%         4
 Iskenderun's Mystic Bla  Conj/Tloc      16%        2d5       34%         4


Dungeon Overview and Level Annotations

Branches:
Dungeon (2/15)

Altars:


Message History

The kobold throws a stone.
The stone misses you.
An adder comes into view.
A hobgoblin comes into view.
Your magical contamination has completely faded away.
The kobold hits you with a +0 dagger.
You hit the hobgoblin but do no damage.
The hobgoblin is poisoned.
The kobold misses you. The hobgoblin closely misses you. The phantom hits you!
The phantom blinks!
You blink.
The kobold throws a stone.
The stone misses you.
You kill the hobgoblin!
There is a stone staircase leading up here.
The kobold throws a stone.
The stone hits you.
* * * LOW HITPOINT WARNING * * *
The kobold throws a stone.
The stone closely misses you.
The kobold throws a stone.
The stone closely misses you. The adder misses you.
The adder closely misses you.
Casting: Searing Ray (safe; 2% risk of failure)
Confirm with . or Enter, or press ? or * to list all spells.
Aiming: Searing Ray (safe; 2% risk of failure)
Press: ? - help, Shift-Dir - straight line, p - phantom The searing ray misses the adder.
The searing ray hits the phantom!
The phantom is moderately damaged. (Press . to maintain the ray.)
The adder bites you.
* * * LOW HITPOINT WARNING * * *
You are lethally poisoned!
The adder poisons you!
The searing ray hits the adder.
The adder is heavily wounded.
The searing ray misses the phantom.
* * * LOW HITPOINT WARNING * * *
You feel sick. The adder barely misses you.
Unknown command.
The searing ray hits the adder.
You kill the adder!
The searing ray hits the phantom!
The phantom is heavily damaged.
The searing ray hits the kobold.
You kill the kobold!
You die...

#<# #W# #.# #.#
#.# ### #.# ...
#.#
.K..#########.#
...#)W†@...#.#
##.#.#####.#.#
#.....W..# #.#
#..#.#...# #.#
#...K..#.# #.#
#....#..<# #.#
#.>....#.# #.#
#........# #.#
#.†?............


You could see a phantom.

Vanquished Creatures
  An adder (D:2)
  2 dart slugs (D:1)
  2 endoplasms
  2 giant cockroaches
  A goblin (D:1)
  3 hobgoblins
  4 bats (D:1)
  3 frilled lizards (D:1)
  3 kobolds
  A rat (D:1)
22 creatures vanquished.

Notes
Turn   | Place    | Note
-------+----------+-------------------------------------------
     0 | D:1      | Zeld the Deep Elf Conjurer began the quest for the Orb.
     0 | D:1      | Reached XP level 1. HP: 10/10 MP: 6/6
   406 | D:1      | Reached skill level 1 in Hexes
   569 | D:1      | Found a faded altar of an unknown god.
   578 | D:1      | Reached XP level 2. HP: 13/15 MP: 8/8
   581 | D:1      | Learned a level 2 spell: Searing Ray
   626 | D:1      | Reached skill level 1 in Translocations
  1187 | D:2      | Noticed a phantom
  1522 | D:2      | Succumbed to an adder's poison

Illustrated notes

Levels and vault maps discovered:
D:1:      heliophobic_arrival_ceremonial_halls, layout_rooms,
          shapermc_ecumenical_altar_pompeii, feat_on_display
D:2:      layout_basic

Skill      XL: |  1  2 |
---------------+-------+-----
Hexes          | 1 |  1.7
Translocations | 1 |  1.5
Dodging        | |  2.4
Stealth        | |  2.4
Spellcasting   | |  3.2
Conjurations   | |  4.5

Action                   || total
-------------------------++-------
Melee: Dagger            ||    26
       Punch             ||     2
 Cast: Magic Dart        ||     7
       Searing Ray       ||     5
Armor: Robe              ||    11
Dodge: Dodged            ||    33
